 Dungeon Crawl Stone Soup version 0.18-a0-1721-gc4d1f22 (webtiles) character file.

93 Gruud the Chopper (level 4, 30/30 HPs)
             Began as a Demonspawn Gladiator on Apr 9, 2016.
             Quit the game on level 3 of the Dungeon.
             The game lasted 00:04:34 (1407 turns).

Gruud the Chopper (Demonspawn Gladiator)            Turns: 1407, Time: 00:04:35

Health: 30/30      AC:  8    Str: 13    XL:     4   Next: 37%
Magic:  4/4        EV:  7    Int: 10    God:
Gold:   130        SH: 12    Dex: 14    Spells: 0 memorised, 3 levels left

rFire  . . .     SeeInvis .     a - +0 war axe
rCold  . . .     Gourm    .     q - +0 scale mail
rNeg   . . .     Faith    .     t - +0 shield
rPois  .         Spirit   .     (helmet restricted)
rElec  .         Dismiss  .     (no cloak)
rCorr  .         Reflect  +     (no gloves)
SustAt .         Harm     .     (no boots)
MR     .....     Clarity  +     o - +5 amulet of reflection
Stlth  ..........               (no ring)
                                (no ring)

@: not resistant to hostile enchantments, extremely unstealthy
A: hooves 1, horns 2, thin metallic scales 1, clarity, frail 1, weak 1, no
device heal 1, MP-powered wands
a: no special abilities


You were on level 3 of the Dungeon.
You were not hungry.

You visited 1 branch of the dungeon, and saw 3 of its levels.

You collected 130 gold pieces.

Inventory:

Hand Weapons
 a - a +0 war axe (weapon)
Missiles
 d - 3 throwing nets (quivered)
 i - 9 poisoned needles
 w - 4 curare-tipped needles
Armour
 b - a +0 leather armour
 l - a +0 ring mail
 q - a +0 scale mail (worn)
 t - a +0 shield (worn)
Jewellery
 e - an uncursed amulet of magic regeneration
 j - an uncursed amulet of rage
 o - a +5 amulet of reflection (around neck)
Wands
 s - a wand of random effects (23/48)
 y - a wand of iceblast (8/15)
Scrolls
 k - 3 scrolls of identify
 m - 3 scrolls of recharging {unknown}
 n - 2 scrolls of random uselessness {unknown}
 v - a scroll of remove curse {unknown}
 z - a scroll of teleportation {unknown}
 A - a scroll of immolation {unknown}
Potions
 c - a potion of haste {unknown}
 u - a potion of curing {unknown}
 x - a potion of cancellation {unknown}
Comestibles
 f - 2 bread rations
 h - a beef jerky
 p - 3 meat rations
 r - 2 chunks of flesh


   Skills:
 + Level 2.8 Fighting
 * Level 3.5 Axes
 - Level 1.7 Throwing
 + Level 1.1 Armour
 + Level 3.3 Dodging


You had 3 spell levels left.
You didn't know any spells.

Dungeon Overview and Level Annotations

Branches:
Dungeon (3/15)

Altars:
Ashenzari
Dithmenos
Xom


Innate Abilities, Weirdness & Mutations

You have a pair of horns on your head.
You are partially covered in thin metallic scales (AC +2).
You have large cloven feet.
You possess an exceptional clarity of mind.
You are frail (-10% HP).
You are weak. (Str -2)
Potions and wands are less effective at restoring your health.
You expend magic power (3 MP) to strengthen your wands.


Message History

You now have 130 gold pieces (gained 12).
There isn't anything here!
You see here a kobold corpse.
m - 3 scrolls labeled GIAHEULLUX (gained 1)
You see here 2 stones.
Read which item? (? for menu, Esc to quit)
As you read the scroll labeled GOEGAE ZIM FOH, it crumbles to dust.
It is a scroll of identify.
Identify which item? (\ to view known items) (? for menu, Esc to quit)
g - 2 potions of mutation
Found a shortbow.
Drink which item? (? for menu, Esc to quit)
You feel extremely strange.
Your feet thicken and deform.
You feel weaker.
Your system partially rejects artificial healing.
Drink which item? (? for menu, Esc to quit)
You feel extremely strange.
You feel your magical essence link to your wands.
Your thoughts seem clearer.
You feel frail.
Are you sure you want to abandon this character and quit the game? (Confirm with "yes".)

#...####...# #
###.......# # #.......#
#.......# # ##....†..#
#. # #.......(######
#.## ##........(......
#...
#.........#######.#####
#.#...@...# #......
###.......# ###...#
####.#### #..... #..
#.....##. ##.
...###.##. .# .. ..#.#
.# #........# .)
####..### .... #


There were no monsters in sight!

Vanquished Creatures
  An adder (D:2)
  A worm (D:2)
  4 dart slugs
  3 giant geckos
  An orc (D:2)
  A ball python (D:2)
  6 bats
  3 giant cockroaches
  6 goblins
  8 hobgoblins
  7 jackals (D:1)
  3 quokkas
  3 giant newts (D:2)
  9 kobolds
  4 rats
60 creatures vanquished.

Notes
Turn   | Place    | Note
--------------------------------------------------------------
     0 | D:1      | Gruud the Demonspawn Gladiator began the quest for the Orb.
     0 | D:1      | Reached XP level 1. HP: 16/16 MP: 1/1
    87 | D:1      | Gained mutation: You are partially covered in thin metallic scales (AC +2). [demonic ancestry]
    87 | D:1      | Reached XP level 2. HP: 18/22 MP: 2/2
   350 | D:1      | Gained mutation: You have a pair of small horns on your head. [demonic ancestry]
   350 | D:1      | Reached XP level 3. HP: 28/28 MP: 3/3
   673 | D:2      | Found a shattered altar of Ashenzari.
   675 | D:2      | Reached skill level 1 in Armour
   714 | D:2      | Found a shimmering altar of Xom.
   767 | D:2      | Found a shadowy altar of Dithmenos.
   798 | D:2      | Gained mutation: You have a pair of horns on your head. [demonic ancestry]
   798 | D:2      | Reached XP level 4. HP: 32/34 MP: 4/4
  1405 | D:3      | Gained mutation: You have large cloven feet. [potion of mutation]
  1405 | D:3      | Gained mutation: You are weak. (Str -2) [potion of mutation]
  1405 | D:3      | Gained mutation: Potions and wands are less effective at restoring your health. [potion of mutation]
  1406 | D:3      | Gained mutation: You expend magic power (3 MP) to strengthen your wands. [potion of mutation]
  1406 | D:3      | Gained mutation: You possess an exceptional clarity of mind. [potion of mutation]
  1406 | D:3      | Gained mutation: You are frail (-10% HP). [potion of mutation]
  1407 | D:3      | Quit the game

Vault maps used:
D:1:      lemuel_arrival_funnel
D:2:      nicolae_dithmenos_shadow_blocks, old_standard_altar, xom_butterflies
D:3:      kennysheep_vampire_church, grunt_ministairs_10

Skill      XL: |  1  2  3 |
---------------+----------+-----
Axes           | 3 |  3.5
Dodging        | 3 |  3.3
Armour         | 1 |  1.1
Fighting       | |  2.8
Throwing       | |  1.7

Action                   |  1- 3 |  4- 6 || total
-------------------------+-------+-------++-------
Melee: War axe           |   109 |    45 ||   154
  Use: Potion            |       |     2 ||     2
       Scroll            |       |     1 ||     1
  Eat: Chunk             |       |     2 ||     2
